Map: Cyber Forest LE

Players

Denver

  • Race: Zerg Zerg
  • Spawn Location: 5:00

Souleer - Winner!

  • Race: Zerg Zerg
  • Spawn Location: 11:00

Event: IEM Season 13: Katowice (2019)

VOD

Have the link to the VOD?

Description

Time

  • Played on: Feb. 26, 2019, 9:35 a.m.
  • Length: 8:14

All games in this series

Show
View Real Time Build Order
Export as new Build Order

Denver Zerg 

Build Orders: Pool First 

Get SALT Encoding   

  12  0:18  Spawning Pool  
  11  0:21  Drone  
  11  0:26  Drone  
  13  0:32  Drone  
  14  0:40  Overlord  
  14  1:05  Zergling x6  
  17  1:16  Zergling x2  
  18  1:18  Hatchery  
  17  1:28  Zergling x2  
  18  1:33  Queen  
  18  1:39  Zergling x2  
  21  1:50  Zergling x2  
  22  2:01  Overlord  
  22  2:19  Queen  
  22  2:22  Drone x2  
  25  2:31  Drone x2  
  25  2:32  Queen  
  29  2:39  Extractor  
  29  2:43  Drone  
  29  2:44  Drone x2  
  31  2:47  Drone  
  31  2:49  Drone  
  33  2:56  Overlord  
  33  3:02  Drone  
  33  3:03  Drone  
  35  3:13  Overlord  
  33  3:22  Drone x4  
  33  3:29  Zergling x2  
  33  3:30  Zergling x4  
  33  3:31  Zergling x2  
  37  3:36  Evolution Chamber  
  37  3:40  Metabolic Boost  
  36  3:46  Drone x2  
  38  3:54  Roach Warren  
  38  3:55  Drone  
  38  3:58  Drone  
  38  4:01  Drone  
  40  4:03  Drone  
  40  4:04  Drone  
  40  4:07  Drone  
  43  4:13  Baneling Nest  
  43  4:14  Zergling x6  
  43  4:15  Zergling x2  
  47  4:21  Zergling x6  
  50  4:30  Zergling x2  
  51  4:35  Hatchery  
  51  4:38  Zergling x4  
  52  4:46  Overlord x2  
  52  4:49  Zerg Melee Weapons Level 1  
  52  4:52  Overlord  
  52  5:02  Baneling x2  
  52  5:10  Baneling  
  52  5:12  Zergling x18  
  60  5:19  Baneling  
  59  5:33  Zergling x4  
  56  5:44  Zergling x12  
  56  5:45  Zergling x2  
  56  5:46  Baneling x3  
  56  5:47  Queen  
  65  5:51  Zergling x4  
  65  5:52  Baneling  
  65  5:56  Extractor  
  65  5:57  Zergling x2, Roach Warren  
  65  6:01  Zergling x2  
  65  6:02  Zergling x8  
  66  6:17  Zergling x10  
  68  6:19  Baneling  
  63  6:26  Zergling x6  
  58  6:34  Zergling x14  
  58  6:42  Zergling x6  
  59  6:48  Baneling x5  
  59  6:58  Drone x5  
  63  7:02  Baneling x2  
  63  7:07  Drone x2  
  65  7:12  Drone x2  
  64  7:25  Drone x6  
  63  7:38  Zergling x2  
  63  7:39  Zergling x4  
  63  7:42  Baneling  
  66  7:44  Zergling x6  
  68  7:52  Baneling  
Show
View Real Time Build Order
Export as new Build Order

Souleer Zerg - Winner!

Build Orders: Pool First 

Get SALT Encoding   

  12  0:01  Drone  
  13  0:12  Overlord  
  13  0:16  Drone  
  14  0:31  Drone x2  
  16  0:35  Drone  
  17  0:45  Spawning Pool  
  17  0:48  Drone  
  17  1:08  Hatchery  
  16  1:11  Drone  
  17  1:19  Extractor  
  16  1:31  Queen  
  19  1:32  Drone x2  
  19  1:33  Zergling x2  
  21  1:44  Zergling x2  
  21  1:45  Spine Crawler  
  21  1:56  Zergling x2  
  22  2:06  Overlord  
  23  2:20  Zergling x2  
  24  2:25  Drone  
  24  2:27  Metabolic Boost, Drone  
  26  2:31  Drone  
  27  2:38  Drone  
  27  2:39  Queen  
  27  2:42  Drone  
  31  2:48  Drone x2  
  33  2:52  Zergling x2  
  33  2:54  Zergling x2  
  33  2:55  Zergling x2  
  35  3:08  Overlord  
  35  3:19  Drone x2  
  35  3:22  Overlord  
  35  3:26  Drone  
  36  3:28  Drone x3  
  39  3:39  Drone x2  
  41  3:47  Hatchery  
  40  3:50  Drone x2  
  40  3:53  Drone x2  
  43  3:56  Drone  
  43  4:01  Evolution Chamber  
  43  4:03  Drone x2  
  43  4:04  Drone  
  43  4:06  Drone  
  43  4:09  Overlord  
  47  4:14  Queen  
  49  4:18  Overlord  
  49  4:21  Overlord  
  49  4:24  Overlord  
  49  4:30  Zergling x6  
  51  4:34  Spine Crawler, Zergling x2  
  51  4:38  Zergling x6  
  53  4:42  Spine Crawler  
  52  4:45  Extractor, Zergling x2  
  52  4:46  Zergling x2  
  52  4:49  Zerg Melee Weapons Level 1  
  53  4:54  Zergling x6  
  53  4:57  Zergling x4  
  53  4:58  Zergling x2  
  59  5:01  Zergling x2  
  59  5:03  Zergling x4  
  63  5:08  Zergling x4  
  63  5:11  Overlord  
  65  5:16  Evolution Chamber  
  63  5:22  Zergling x6  
  63  5:28  Zergling x4  
  63  5:33  Zergling x4  
  63  5:35  Zergling x8  
  61  5:41  Zergling x2  
  61  5:43  Zergling x4  
  61  5:47  Zerg Ground Armor Level 1  
  61  5:48  Baneling Nest  
  62  5:51  Zergling x2  
  62  5:54  Zergling x4  
  65  5:59  Queen  
  65  6:01  Queen  
  65  6:02  Zergling x2  
  69  6:06  Zergling x4  
  69  6:09  Zergling x6  
  71  6:16  Zergling x6  
  74  6:19  Queen  
  74  6:24  Spine Crawler  
  73  6:25  Zergling x4  
  73  6:28  Zergling x2  
  73  6:31  Zergling x6  
  77  6:36  Zergling x6  
  77  6:37  Zergling x2  
  72  6:40  Zergling x4  
  72  6:46  Zergling x2  
  71  6:49  Zergling x4  
  71  6:51  Baneling x7  
  71  6:52  Baneling  
  71  6:53  Zergling x2  
  74  6:57  Zergling x4  
  75  7:03  Zergling x6  
  75  7:04  Zergling x2  
  75  7:06  Baneling x3  
  78  7:08  Zergling x2  
  78  7:13  Zergling x6  
  82  7:18  Zergling x6  
  83  7:23  Zergling x6  
  83  7:24  Zergling x2  
  83  7:28  Zergling x4  
  80  7:33  Zergling x2  
  80  7:34  Zergling x4  
  81  7:38  Zergling x6  
  81  7:43  Zergling x2  
  82  7:44  Baneling x5  
  82  7:49  Zergling x2  
  82  7:50  Zergling x4  

Tags
 
Add a new tag
Caveats
  • Supply blocks, unpowered buildings, or Contaminate may cause inaccurate times.
  • Supply counts are checked every 10 seconds.